 Dungeon Crawl Stone Soup version 0.30.1-4-g462c640d31 (webtiles) character file.

Game seed: 3876099005473583901

129 Kurtz the Chopper (level 5, 0/33 HPs)
             Began as a Tengu Fighter on Sept 15, 2023.
             Was an Initiate of Gozag.
             Slain by a steam dragon (5 damage)
             ... on level 5 of the Dungeon.
             The game lasted 00:03:02 (3185 turns).

Kurtz the Chopper (Tengu Fighter)                   Turns: 3185, Time: 00:03:03

Health: 0/33       AC: 11    Str: 18    XL:     5   Next: 12%
Magic:  6/6        EV:  8    Int: 15    God:    Gozag
Gold:   461        SH:  5    Dex: 13    Spells: 4/4 levels left

rFire   . . .        a - +0 war axe
rCold   . . .        c - +0 buckler
rNeg    . . .        m - +0 chain mail
rPois   .            (helmet restricted)
rElec   .            s - +0 cloak
rCorr   .            u - +0 pair of gloves
SInv    .            (boots unavailable)
Will    .....        (no amulet) Stlth
                     r - +6 ring of intelligence
HPRegen 0.25/turn    (no ring)
MPRegen 0.10/turn

%: no passive effects
@: brilliant, flying quickly and evasively, quick
A: beak, talons 3, nimble flight
a: Renounce Religion, Potion Petition, Call Merchant, Bribe Branch


You were on level 5 of the Dungeon.
You worshipped Gozag.
Gozag was aware of your devotion.
You visited 1 branch of the dungeon, and saw 5 of its levels.

You collected 490 gold pieces.
You paid 29 gold pieces to Gozag.

Inventory:

Hand Weapons
 a - a +0 war axe (weapon)
Armour
 c - a +0 buckler (worn)
 m - a +0 chain mail (worn)
 s - a +0 cloak (worn)
 u - a +0 pair of gloves (worn)
Jewellery
 j - a ring of ice
 r - a +6 ring of intelligence (left hand)
Scrolls
 b - 3 scrolls of poison {unknown}
 f - a scroll of amnesia {unknown}
 h - 5 scrolls of identify {unknown}
 i - a scroll of immolation {unknown}
 n - a scroll of blinking {unknown}
 o - 3 scrolls of teleportation {unknown}
 p - 2 scrolls of vulnerability {unknown}
 q - a scroll of butterflies {unknown}
Potions
 d - 2 potions of might
 e - a potion of brilliance
 g - 3 potions of haste {unknown}
 k - 2 potions of curing {unknown}
 l - a potion of degeneration {unknown}
 t - a potion of lignification {unknown}


   Skills:
 + Level 3.6 Fighting
 * Level 4.7 Axes
 - Level 3.2 Armour
 + Level 3.4 Shields


You had 4 spell levels left.
You didn't know any spells.
Your spell library contained the following spells:

 Spells                   Type           Power      Damage    Failure   Level
 Beastly Appendage        Tmut           0%         N/A       97%         1
 Ensorcelled Hibernation  Hex/Ice        0%         N/A       99%         2
 Wereblood                Tmut           0%         N/A       99%         2
 Spider Form              Tmut/Pois      0%         N/A       100%        3
 Anguish                  Hex/Necr       0%         N/A       100%        4
 Alistair's Intoxication  Tmut/Pois      0%         N/A       100%        5
 Borgnjor's Vile Clutch   Necr/Erth      0%         N/A       100%        5
 Metabolic Englaciation   Hex/Ice        0%         N/A       100%        5
 Eringya's Noxious Bog    Tmut/Pois      0%         N/A       100%        6
 Starburst                Conj/Fire      0%         6d3       100%        6
 Ozocubu's Refrigeration  Ice            0%         4d7       100%        7


Dungeon Overview and Level Annotations

Branches:
Dungeon (5/15)
 Temple: D:4-7

Altars:
Ashenzari
Fedhas
Gozag
Trog
Wu Jian

Shops:
D:4 [


Innate Abilities, Weirdness & Mutations

You have a beak for a mouth.
You have claws for feet.
Your magical nature lets you fly swiftly and evasively.


Message History

You hit the steam dragon. Your peck misses the steam dragon.
The steam dragon is moderately wounded.
The steam dragon closely misses you. You block the steam dragon's attack.
You hit the steam dragon but do no damage.
Your kick misses the steam dragon.
The steam dragon is moderately wounded.
The steam dragon bites you but does no damage.
The steam dragon closely misses you.
You barely miss the steam dragon.
You claw the steam dragon, but do no damage.
You peck the steam dragon, but do no damage.
The steam dragon is moderately wounded.
The steam dragon bites you but does no damage.
You block the steam dragon's attack. The steam dragon bites you!
The steam dragon closely misses you.
You hit the steam dragon but do no damage.
You claw the steam dragon, but do no damage.
The steam dragon is moderately wounded.
The steam dragon closely misses you.
The steam dragon claws you but does no damage.
You hit the steam dragon.
The steam dragon is moderately wounded.
The steam dragon breathes steam at you. The ball of steam hits you!
Ouch! That really hurt!
* * * LOW HITPOINT WARNING * * *
You hear an angry growl.
You hear a shout! x2
You hit the steam dragon. You claw the steam dragon.
You peck the steam dragon, but do no damage.
The steam dragon is severely wounded.
The steam dragon bites you.
* * * LOW HITPOINT WARNING * * *
The steam dragon completely misses you.
The steam dragon bites you but does no damage.
The steam dragon claws you but does no damage.
It was a potion of brilliance.
You feel clever all of a sudden. The steam dragon bites you.
You die...
Your body crumbles into a pile of gold.

#.........#
#.........#
#......<..#
#######.###
.###..##§#
.......§§#
...>...§§#
........§#
.......@.#
########D#
#..# #....
#.....
#<....#
#.....#
#.....+
+.....#


You could see a steam dragon.

Vanquished Creatures
  3 adders
  2 worms (D:2)
  2 dart slugs (D:3)
  7 orcs
  6 bats
  3 endoplasms
  3 giant cockroaches
  15 goblins
  7 hobgoblins
  6 jackals
  3 quokkas
  6 ball pythons
  3 frilled lizards
  5 kobolds
  8 rats
79 creatures vanquished.

Notes
Turn   | Place    | Note
-------+----------+-------------------------------------------
     0 | D:1      | Kurtz the Tengu Fighter began the quest for the Orb.
     0 | D:1      | Reached XP level 1. HP: 14/14 MP: 2/2
    84 | D:1      | Reached XP level 2. HP: 19/19 MP: 3/3
   419 | D:1      | Reached XP level 3. HP: 23/23 MP: 4/4
   638 | D:1      | Reached skill level 3 in Axes
   832 | D:2      | Got the Compilation of Frore Burning
  1039 | D:2      | Reached XP level 4. HP: 22/28 MP: 5/5
  1097 | D:2      | Found an opulent altar of Gozag.
  1118 | D:2      | Became a worshipper of Gozag Ym Sagoz the Greedy
  1695 | D:3      | Reached skill level 4 in Axes
  2450 | D:3      | Found a broken altar of Ashenzari.
  2589 | D:4      | Gained mutation: Your magical nature lets you fly swiftly
                  | and evasively. [Tengu growth]
  2589 | D:4      | Reached XP level 5. HP: 32/32 MP: 6/6
  2612 | D:4      | Found an ornate altar of the Wu Jian Council.
  2754 | D:4      | Found Uzupraid's Armour Emporium.
  2797 | D:4      | Noticed an ogre
  2970 | D:4      | Found a blossoming altar of Fedhas.
  2972 | D:4      | Found a bloodstained altar of Trog.
  3168 | D:5      | Entered Level 5 of the Dungeon
  3176 | D:5      | Noticed a steam dragon
  3185 | D:5      | Slain by a steam dragon

Illustrated notes

Levels and vault maps discovered:
D:1:      ldierk_walled_garden_2, layout_basic, minmay_tall_x
D:2:      layout_basic, basic_altar
D:3:      layout_loops_cross, nicolae_overflow_hidden_temple,
          hangedman_decor_points, wad_floor_pattern_2, grunt_ministairs_5,
          eino_tiny_chamber, chequers_serial_rivers_micro_c,
          minmay_goblin_outpost
D:4:      layout_rooms, nzn_wu_jian_council_hall, minitemple, serial_shops, shop
D:5:      layout_gridville, serial_bayou, serial_bayou_shore_a,
          serial_bayou_shore_b, serial_bayou_lake_a, serial_bayou_ford_a,
          uniq_pikel

Skill      XL: |  1  2  3  4 |
---------------+-------------+-----
Axes           | 3 4 |  4.7
Fighting       | |  3.6
Armour         | |  3.2
Shields        | |  3.4

Action                     |  1- 3 |  4- 6 || total
---------------------------+-------+-------++-------
  Melee: War axe           |    73 |    59 ||   132
         Kick              |    14 |    11 ||    25
         Peck              |     4 |     7 ||    11
    Use: Potion            |       |     1 ||     1
 Armour: Scale mail        |    34 |       ||    34
         Chain mail        |       |    31 ||    31
  Dodge: Dodged            |    36 |    20 ||    56
  Block: Buckler           |    17 |    12 ||    29
